 Dungeon Crawl Stone Soup version 0.20.0-10-g0535bb4 (webtiles) character file.

1157 vatarom the Zephyrmancer (level 8, 0/41 HPs)
             Began as a Tengu Air Elementalist on June 3, 2017.
             Was a Believer of Sif Muna.
             Slain by a slave (7 damage)
             ... led by Pikel
             ... on level 5 of the Dungeon on June 4, 2017.
             The game lasted 00:29:51 (6744 turns).

vatarom the Zephyrmancer (Tengu Air Elementalist)   Turns: 6744, Time: 00:29:52

Health: 0/41       AC:  4    Str: 10    XL:     8   Next: 39%
Magic:  3/16       EV: 19    Int: 17    God:    Sif Muna [**....]
Gold:   210        SH:  0    Dex: 17    Spells: 4/17 levels left

rFire    . . .     SeeInvis .   s - +2 dagger (venom)
rCold    . . .     Gourm    .   (no shield)
rNeg     . . .     Faith    .   a - +1 robe
rPois    .         Spirit   .   (helmet restricted)
rElec    .         Reflect  .   (no cloak)
rCorr    .         Harm     .   m - +0 pair of gloves
MR       .....                  (boots unavailable)
Stlth    ++........             (no amulet)
Regen    0.2/turn               i - +3 ring of dexterity
MPRegen  0.2/turn               h - +6 ring of evasion

@: no status effects
A: beak, talons 3, able to fly 1
a: Fly, Divine Energy, Renounce Religion


You were on level 5 of the Dungeon.
You worshipped Sif Muna.
Sif Muna was pleased with you.
You were not hungry.

You visited 2 branches of the dungeon, and saw 6 of its levels.

You collected 210 gold pieces.

Inventory:

Hand Weapons
 j - a +0 flail
 s - a +2 dagger of venom (weapon)
 t - a +1 short sword
Armour
 a - a +1 robe (worn)
 m - a +0 pair of gloves (worn)
Jewellery
 h - a +6 ring of evasion (right hand)
 i - a +3 ring of dexterity (left hand)
 k - an uncursed ring of ice
Wands
 l - a wand of flame (9/48)
Scrolls
 d - a scroll of enchant armour
 e - 2 scrolls of identify
 f - a scroll of amnesia
 n - 3 scrolls of remove curse
 u - a scroll of enchant weapon
Potions
 c - 2 potions of degeneration
 q - a potion of might
 w - a potion of cancellation
Books
 b - a book of Air

   Spells                             Type                      Level
   a - Shock                          Conjuration/Air              1
   b - Swiftness                      Charms/Air                   2
   c - Static Discharge               Conjuration/Air              3
   d - Airstrike                      Air                          4
   e - Lightning Bolt                 Conjuration/Air              5
 x - a book of Minor Magic

   Spells                             Type                      Level
   a - Magic Dart                     Conjuration                  1
   b - Blink                          Translocation                2
   c - Call Imp                       Summoning                    2
   d - Slow                           Hexes                        2
   e - Conjure Flame                  Conjuration/Fire             3
   f - Mephitic Cloud                 Conjuration/Poison/Air       3
Comestibles
 g - a royal jelly
 o - a chunk of flesh
 r - a meat ration


   Skills:
 - Level 2.1 Dodging
 - Level 2.0 Stealth
 * Level 5.0 Spellcasting
 + Level 6.9 Conjurations
 + Level 9.2 Air Magic


You had 4 spell levels left.
You knew the following spells:

 Your Spells              Type           Power        Failure   Level  Hunger
a - Shock                 Conj/Air       ####         1%          1    None
b - Swiftness             Chrm/Air       ###.....     3%          2    #......
c - Static Discharge      Conj/Air       ####....     1%          3    ###....
d - Airstrike             Air            #####.....   3%          4    ####...
e - Mephitic Cloud        Conj/Pois/Air  ###.....     4%          3    ###....


Dungeon Overview and Level Annotations

Branches:
Dungeon (5/15)             Temple (1/1) D:5

Altars:
Ashenzari
Cheibriados
Dithmenos
Fedhas
Gozag
Hepliaklqana
Kikubaaqudgha
Makhleb
Nemelex Xobeh
Okawaru
Ru
Sif Muna
Trog
Vehumet
Xom
Yredelemnul
The Shining One

Shops:
D:5 *

Annotations:
D:3 Sigmund
D:4 Edmund
D:5 Pikel


Innate Abilities, Weirdness & Mutations

You have a beak for a mouth.
You have claws for feet.
You can fly.


Message History

The zap hits Pikel.
Pikel is moderately wounded.
The zap hits the slave.
The slave is moderately wounded.
The zap hits the slave.
The slave is heavily wounded.
The slave barely misses you. The slave hits you.
* * * LOW HITPOINT WARNING * * *
Casting: Shock
Confirm with . or Enter, or press ? or * to list all spells.
Aiming: Shock
Press: ? - help, Shift-Dir - straight line The zap misses the slave.
The zap hits Pikel.
Pikel is heavily wounded.
The zap hits the slave.
The slave appears unharmed.
The slave is heavily wounded.
The zap hits the slave.
The slave is severely wounded.
The slave barely misses you. The slave hits you!
You die...

#.###.#####.### #.# *,* *,,
........###..## #.# ##.* ***
......###..#..# #.# #..* *
#.#.#.# #...#.# #.# #.###****
P...#.# #.#...# #.###.#..,∩,,
....#.# ##.#.## #...#.#.#****
>P..#.# #...#.# ###...#.#.#
....#.# #.#...#####.....#.#.#####
....#.#*#..#..##@p...............
.......,##..####p##.#####.##.....
#..##.#**##_#**#K##.# #.##.#.##
#..#*.#**,###,,#p##.# #.##.#.##
#..#*,.,,,,,,,,..##.# #.##....#
#..#*****,**,,.####.# #.##.....
.,..,,,,,,,,,.#* #.# #.#>.....
##,,*****,**##* #.# #........
#*,,*****,,,* #.# ###......


You could see Pikel and 3 slaves.

Vanquished Creatures
  Prince Ribbit (D:5)
  A slave (D:5)
  2 centaurs (D:5)
  A scorpion (D:4)
  2 crimson imps (D:5)
  A jelly (D:5)
  A bullfrog skeleton (D:4)
  2 orc priests (D:4)
  A centaur skeleton (D:4)
  An iguana (D:4)
  Natasha (thrice) (D:2)
  3 orc wizards
  2 worker ants (D:4)
  A hound skeleton (D:4)
  Robin (D:3)
  11 adders
  3 gnolls (D:4)
  An ooze (D:2)
  An adder skeleton (D:5)
  3 worms
  5 dart slugs
  6 leopard geckos
  11 orcs
  6 giant cockroaches
  8 goblins
  10 hobgoblins
  11 jackals
  3 quokkas (D:3)
  A ball python (D:1)
  11 bats
  4 frilled lizards
  7 kobolds
  A leopard gecko skeleton (D:4)
  9 rats
135 creatures vanquished.

Notes
Turn   | Place    | Note
-------+----------+-------------------------------------------
     0 | D:1      | vatarom the Tengu Air Elementalist began the quest for the Orb.
     0 | D:1      | Reached XP level 1. HP: 10/10 MP: 4/4
   246 | D:1      | Reached XP level 2. HP: 9/15 MP: 3/6
   502 | D:1      | Learned a level 2 spell: Swiftness
   564 | D:1      | Reached XP level 3. HP: 13/19 MP: 4/7
   795 | D:1      | Learned a level 3 spell: Static Discharge
  1297 | D:2      | Found an iron altar of Okawaru.
  1490 | D:2      | Noticed Natasha
  1510 | D:2      | Killed Natasha
  1510 | D:2      | Reached XP level 4. HP: 12/24 MP: 6/8
  1580 | D:2      | Noticed a moth of wrath
  1583 | D:2      | Found a bloodstained altar of Trog.
  1619 | D:2      | Noticed Natasha
  1974 | D:2      | Found a deep blue altar of Sif Muna.
  1979 | D:2      | Became a worshipper of Sif Muna the Loreminder
  2030 | D:2      | Found an ancient bone altar of Kikubaaqudgha.
  2037 | D:2      | Reached skill level 5 in Conjurations
  2108 | D:2      | Reached skill level 5 in Air Magic
  2393 | D:2      | Gained mutation: You can fly. [Tengu growth]
  2393 | D:2      | Reached XP level 5. HP: 28/28 MP: 0/9
  2710 | D:3      | Noticed Robin
  2935 | D:3      | Killed Robin
  3115 | D:3      | Reached skill level 6 in Air Magic
  3232 | D:3      | Noticed Sigmund
  3315 | D:2      | Killed Natasha
  3509 | D:2      | Noticed Natasha
  3519 | D:2      | Killed Natasha
  3519 | D:2      | Reached XP level 6. HP: 5/32 MP: 1/10
  4282 | D:4      | Reached * piety under Sif Muna
  4282 | D:4      | Reached skill level 7 in Air Magic
  4595 | D:4      | Reached XP level 7. HP: 36/36 MP: 3/11
  4667 | D:4      | Reached skill level 8 in Air Magic
  4738 | D:4      | Learned a level 4 spell: Airstrike
  5124 | D:4      | Noticed Edmund
  5654 | D:5      | Entered Level 5 of the Dungeon
  5660 | D:5      | Found Raecw's Assorted Antiques.
  5760 | D:5      | Learned a level 3 spell: Mephitic Cloud
  5800 | D:5      | Found an iron altar of Okawaru.
  5817 | D:5      | Found a staircase to the Ecumenical Temple.
  5826 | Temple   | Entered the Ecumenical Temple
  6203 | D:5      | Noticed Prince Ribbit
  6343 | D:5      | Found a snail-covered altar of Cheibriados.
  6370 | D:5      | Killed Prince Ribbit
  6370 | D:5      | Reached skill level 9 in Air Magic
  6370 | D:5      | Reached XP level 8. HP: 41/41 MP: 1/16
  6485 | D:5      | Found a sacrificial altar of Ru.
  6583 | D:5      | Reached ** piety under Sif Muna
  6583 | D:5      | Reached skill level 5 in Spellcasting
  6731 | D:5      | Noticed Pikel
  6744 | D:5      | Slain by a slave

Skill      XL: |  1  2  3  4  5  6  7  8 |
---------------+-------------------------+-----
Conjurations   | 2 3 4 5 6 |  6.9
Air Magic      | 5 6 7 9 |  9.2
Spellcasting   | 4 5 |  5.0
Dodging        | |  2.1
Stealth        | |  2.0

Action                   |  1- 3 |  4- 6 |  7- 9 || total
-------------------------+-------+-------+-------++-------
Melee: Unarmed           |    30 |     2 |       ||    32
       Kick              |     7 |     3 |     4 ||    14
       Peck              |     4 |     4 |     4 ||    12
       Short sword       |       |     6 |       ||     6
       Dagger            |       |     3 |    26 ||    29
 Cast: Shock             |    70 |   141 |    72 ||   283
       Static Discharge  |     1 |    14 |     8 ||    23
       Airstrike         |       |       |    16 ||    16
       Mephitic Cloud    |       |       |     2 ||     2
  Use: Scroll            |     5 |     6 |     2 ||    13
       Potion            |     2 |     1 |     6 ||     9
 Stab: Sleeping          |       |       |     1 ||     1
  Eat: Bread ration      |     1 |     2 |       ||     3
       Chunk             |       |     4 |     4 ||     8
       Meat ration       |       |       |     1 ||     1
       Royal jelly       |       |       |     1 ||     1
Armor: Robe              |     1 |    14 |     3 ||    18
       Skin              |       |       |    28 ||    28
Dodge: Dodged            |    38 |    81 |    47 ||   166
